Map: [ESL] Royal Blood

Players

Spirit - Winner!

  • Race: Terran Terran

Has

  • Race: Protoss Protoss
  • League: Gold

Event: IEM Katowice 2023

VOD

Have the link to the VOD?

Description

Time

  • Played on: Feb. 8, 2023, 6:13 a.m.
  • Length: 10:05

All games in this series

Show
View Real Time Build Order
Export as new Build Order

Spirit Terran - Winner!

Build Orders:  

Get SALT Encoding   

  12  0:00  SCV  
  13  0:12  SCV  
  14  0:17  Supply Depot  
  14  0:24  SCV  
  15  0:38  SCV  
  15  0:39  Barracks  
  16  0:43  Refinery  
  16  0:50  SCV  
  17  1:02  SCV  
  18  1:16  SCV  
  19  1:26  Marine  
  19  1:28  Orbital Command  
  20  1:40  Command Center  
  20  1:45  Reaper  
  21  1:52  Supply Depot  
  21  1:55  SCV  
  22  2:04  Bunker  
  22  2:15  Factory  
  22  2:16  Marine  
  22  2:19  SCV  
  24  2:29  Barracks  
  24  2:33  SCV  
  24  2:34  Marine  
  26  2:45  SCV  
  27  2:52  Marine  
  27  2:54  Bunker  
  27  2:57  SCV  
  29  3:01  Factory Tech Lab  
  29  3:06  Orbital Command  
  29  3:10  Marine, SCV  
  31  3:18  Marine  
  34  3:22  Siege Tank, SCV  
  35  3:28  Marine  
  35  3:31  Refinery  
  35  3:32  SCV  
  37  3:34  SCV  
  38  3:43  Marine, Bunker  
  38  3:44  SCV  
  38  3:46  Supply Depot  
  38  3:47  SCV  
  41  3:54  Siege Tank  
  41  3:55  Marine  
  43  3:56  SCV  
  43  3:59  SCV  
  43  4:02  Supply Depot  
  46  4:08  Marine  
  46  4:09  SCV  
  48  4:12  SCV, Supply Depot  
  48  4:13  Marine  
  50  4:20  Engineering Bay  
  50  4:22  SCV  
  51  4:24  SCV  
  51  4:26  Marine  
  51  4:28  Cyclone  
  56  4:33  Barracks Reactor  
  56  4:34  SCV  
  56  4:38  SCV  
  58  4:39  Barracks  
  58  4:44  Barracks Tech Lab  
  58  4:46  SCV  
  58  4:50  SCV  
  60  4:53  Missile Turret  
  60  4:58  SCV  
  60  5:02  SCV, Refinery  
  60  5:04  Marine, Stimpack  
  62  5:10  SCV  
  63  5:14  SCV  
  63  5:16  Marine, Factory Reactor  
  63  5:17  Supply Depot  
  63  5:18  Starport  
  65  5:21  Marine  
  65  5:22  Marine, SCV  
  65  5:26  SCV  
  65  5:28  Supply Depot  
  69  5:29  Refinery  
  69  5:32  Supply Depot  
  69  5:34  SCV  
  70  5:38  Marine  
  70  5:39  Marine, SCV  
  70  5:40  Marine, Terran Infantry Weapons Level 1  
  70  5:41  Marine  
  75  5:45  Combat Shield  
  75  5:48  SCV  
  76  5:52  Supply Depot  
  76  5:56  Marine  
  76  6:02  Widow Mine x2  
  80  6:07  Medivac  
  80  6:08  Supply Depot  
  80  6:09  Supply Depot  
  82  6:17  Armory  
  81  6:20  SCV x2  
  81  6:21  Command Center  
  83  6:26  Widow Mine x2  
  83  6:30  Marine  
  83  6:32  SCV x2  
  90  6:37  Medivac, Supply Depot  
  92  6:44  Marine x2, SCV x2  
  90  6:47  Marine  
  90  6:50  Marine  
  82  6:56  SCV x2  
  74  7:02  Marine x2  
  74  7:05  Marine  
  74  7:07  Marine  
  74  7:08  SCV  
  80  7:12  Medivac  
  78  7:18  SCV  
  78  7:20  Marine x2  
  62  7:23  Marine, SCV  
  62  7:25  Marine, Widow Mine x2  
  60  7:30  SCV  
  60  7:35  SCV  
  62  7:37  Marine, Terran Infantry Armor Level 1  
  62  7:38  Marine  
  62  7:41  Marine  
  62  7:42  Medivac, SCV  
  62  7:43  Marine  
  69  7:46  Widow Mine  
  69  7:47  SCV  
  69  7:48  Widow Mine  
  74  7:54  SCV  
  74  7:55  Marine, Missile Turret  
  74  7:56  Marine  
  73  7:59  Marine  
  73  8:01  Marine  
  73  8:05  SCV  
  76  8:07  Widow Mine  
  76  8:08  SCV  
  68  8:13  Marine x2  
  68  8:17  Marine, SCV  
  68  8:19  Marine  
  68  8:20  SCV  
  69  8:28  Medivac  
  69  8:29  SCV  
  69  8:31  Marine x2  
  74  8:34  Marine, Bunker, SCV  
  74  8:37  Marine  
  71  8:41  SCV  
  71  8:47  SCV  
  70  8:49  Marine x2  
  70  8:52  Marine  
  70  8:54  Marine  
  64  9:04  Widow Mine x2  
  64  9:06  Marine, Medivac  
  72  9:12  Marine, Bunker  
  72  9:14  Marauder x2  
  76  9:20  SCV x2  
  78  9:24  Marine  
  78  9:31  Marine  
  80  9:35  Marauder x2  
  81  9:42  Marine  
  81  9:44  SCV  
  83  9:51  SCV  
Show
View Real Time Build Order
Export as new Build Order

Has Protoss 

Build Orders: Zealot Archon 

Get SALT Encoding   

  12  0:00  Probe  
  13  0:12  Probe  
  14  0:20  Pylon  
  14  0:24  Probe  
  15  0:38  Gateway, Probe (Chrono Boost)  
  16  0:43  Assimilator  
  16  0:48  Probe (Chrono Boost)  
  17  0:55  Probe  
  18  0:58  Assimilator  
  18  1:07  Probe  
  19  1:13  Pylon  
  19  1:19  Probe  
  19  1:23  Assimilator  
  20  1:31  Cybernetics Core  
  20  1:32  Probe  
  21  1:45  Probe  
  22  1:55  Pylon  
  22  1:58  Pylon  
  22  2:05  Stalker (Chrono Boost)  
  24  2:10  Warp Gate  
  24  2:16  Robotics Facility  
  24  2:32  Nexus  
  24  2:37  Stalker  
  24  2:40  Probe  
  27  2:52  Probe  
  28  3:03  Observer (Chrono Boost)  
  28  3:04  Probe  
  30  3:11  Twilight Council  
  30  3:17  Probe, Immortal (Chrono Boost)  
  35  3:29  Probe  
  36  3:38  Observer  
  36  3:41  Probe  
  36  3:44  Probe, Observer  
  37  3:53  Probe  
  37  3:54  Warp Prism (Chrono Boost)  
  40  3:58  Charge, Probe, Observer  
  40  4:00  Observer  
  41  4:12  Gateway  
  41  4:13  Gateway, Probe x2  
  43  4:24  Immortal (Chrono Boost)  
  43  4:28  Probe x2  
  49  4:36  Pylon  
  49  4:39  Dark Shrine  
  49  4:40  Probe  
  50  4:46  Gateway  
  50  4:52  Gateway  
  50  4:56  Gateway  
  50  5:01  Observer  
  50  5:03  Probe x2  
  50  5:05  Pylon  
  50  5:06  Observer  
  52  5:07  Pylon  
  52  5:12  Zealot x3  
  58  5:18  Gateway  
  58  5:24  Gateway  
  58  5:32  Sentry  
  58  5:33  Zealot x2  
  64  5:39  Gateway  
  64  5:54  Zealot x5  
  74  6:00  Zealot  
  76  6:04  Pylon  
  76  6:06  Pylon  
  76  6:18  Dark Templar  
  76  6:22  Dark Templar  
  76  6:23  Pylon, Zealot x3  
  86  6:27  Pylon, Zealot x2  
  86  6:28  Archon  
  89  6:33  Zealot  
  91  6:45  Zealot x5  
  89  6:47  Zealot  
  89  6:51  Zealot  
  77  6:58  Sentry x2  
  73  7:03  Zealot x2  
  75  7:11  Zealot  
  75  7:12  Zealot x3  
  75  7:14  Observer (Chrono Boost)  
  80  7:22  Zealot x3  
  74  7:27  Zealot  
  68  7:36  Dark Templar x2  
  68  7:37  Zealot  
  74  7:40  Archon, Sentry  
  74  7:41  Zealot  
  68  8:02  Zealot x6  
  68  8:04  Zealot  
  76  8:16  Zealot x2  
  72  8:26  Dark Templar x2  
  76  8:27  Zealot  
  76  8:28  Zealot  
  76  8:31  Archon  
  66  8:48  Observer  
  60  8:54  Zealot  
  60  8:55  Zealot x6  
  64  9:07  Sentry  
  66  9:16  Nexus  
  66  9:24  Observer (Chrono Boost)  
  66  9:38  Dark Templar  
  59  9:47  Dark Templar  

Tags
 
Add a new tag
Caveats
  • Supply blocks, unpowered buildings, or Contaminate may cause inaccurate times.
  • Supply counts are checked every 10 seconds.